 Dungeon Crawl Stone Soup version 0.27-a0-1591-gc56fcc985a (webtiles) character file.

Game seed: 12001906563706791059

1059 dolemite99 the Cleaver (level 8, 0/64 HPs)
             Began as a Hill Orc Fighter on July 19, 2021.
             Was a Believer of Nemelex Xobeh.
             Slain by a gnoll sergeant (7 damage)
             ... on level 6 of the Dungeon.
             The game lasted 00:04:54 (8196 turns).

dolemite99 the Cleaver (Hill Orc Fighter)           Turns: 8196, Time: 00:04:55

Health: 0/64       AC:  6    Str: 21    XL:     8   Next: 27%
Magic:  12/12      EV:  7    Int:  8    God:    Nemelex Xobeh [**....]
Gold:   217        SH:  9    Dex: 10    Spells: 7/7 levels left

rFire    . . .     SeeInvis .   a - +0 war axe
rCold    . . .     Faith    .   c - +0 kite shield
rNeg     . . .     Spirit   .   b - +0 scale mail
rPois    .         Reflect  .   (no helmet)
rElec    .         Harm     .   (no cloak)
rCorr    .         Rampage  .   (no gloves)
Will     .....                  (no boots)
Stlth    ..........             (no amulet)
HPRegen  0.20/turn              (no ring)
MPRegen  0.13/turn              (no ring)

@: no status effects
A: no striking features
a: Renounce Religion, Draw Escape, Draw Destruction, Draw Summoning


You were on level 6 of the Dungeon.
You worshipped Nemelex Xobeh.
Nemelex Xobeh was pleased with you.
You visited 2 branches of the dungeon, and saw 7 of its levels.

You collected 217 gold pieces.

Inventory:

Hand Weapons
 a - a +0 war axe (weapon)
Missiles
 e - 20 poisoned darts (quivered)
 j - 12 sling bullets
 n - 60 arrows
 o - 37 stones
 r - 7 curare-tipped darts
 x - 9 javelins
Armour
 b - a +0 scale mail (worn)
 c - a +0 kite shield (worn)
 p - a +0 pair of gloves
Jewellery
 z - a ring of protection from cold
Wands
 w - a wand of paralysis (9)
 A - a wand of polymorph (5)
Scrolls
 h - a scroll of enchant armour {unknown}
 i - 4 scrolls of teleportation {unknown}
 q - 4 scrolls of identify {unknown}
 s - a scroll of magic mapping {unknown}
 t - 2 scrolls of amnesia {unknown}
 y - a scroll of noise {unknown}
Potions
 d - a potion of degeneration {unknown}
 f - a potion of haste {unknown}
 g - a potion of berserk rage {unknown}
 k - a potion of magic {unknown}
 l - a potion of invisibility {unknown}
 m - 2 potions of curing
 u - a potion of brilliance {unknown}
 v - 2 potions of ambrosia {unknown}
 B - a potion of lignification {unknown}


   Skills:
 - Level 3.6 Fighting
 + Level 9.7 Axes
 - Level 3.0 Throwing
 - Level 3.2 Armour
 - Level 3.2 Shields
 - Level 6.2 Invocations


You had 7 spell levels left.
You didn't know any spells.
Your spell library contained the following spells:

 Spells                   Type           Power      Damage    Failure   Level
 Animate Skeleton         Necr           0%         N/A       99%         1
 Pain                     Necr           0%         1d4       99%         1
 Slow                     Hex            0%         N/A       100%        2
 Confusing Touch          Hex            0%         N/A       100%        3
 Ignite Poison            Fire/Tmut/Pois 0%         N/A       100%        3
 Mephitic Cloud           Conj/Pois/Air  0%         N/A       100%        3
 Vampiric Draining        Necr           0%         2d6       100%        3
 Animate Dead             Necr           0%         N/A       100%        4
 Bolt of Magma            Conj/Fire/Erth 0%         4d4       100%        5
 Borgnjor's Vile Clutch   Necr/Erth      0%         N/A       100%        5
 Yara's Violent Unravell  Hex/Tmut       0%         3d3       100%        5
 Death Channel            Necr           0%         N/A       100%        6


Dungeon Overview and Level Annotations

Branches:
Dungeon (6/15)             Temple (1/1) D:4

Altars:
Ashenzari
Cheibriados
Dithmenos
Elyvilon
Fedhas
Gozag
Hepliaklqana
Kikubaaqudgha
Makhleb
Nemelex Xobeh
Okawaru
Qazlal
Ru
Sif Muna
Uskayaw
Vehumet
Yredelemnul
Zin
The Shining One

Annotations:
D:2 Sigmund


Message History

The gnoll sergeant hits you but does no damage.
The gnoll barely misses you.
The gnoll sergeant hits you from afar with a +0 trident.
You closely miss the gnoll.
The gnoll is lightly wounded.
The gnoll sergeant hits you from afar with a +0 trident!
The gnoll barely misses you.
You closely miss the gnoll.
The gnoll is lightly wounded.
The gnoll sergeant hits you from afar with a +0 trident.
* * * LOW HITPOINT WARNING * * *
The gnoll closely misses you.
It was a potion of curing.
You feel better. You block the gnoll sergeant's attack.
You hit the gnoll but do no damage.
The gnoll is lightly wounded.
The gnoll is no longer moving slowly.
The gnoll sergeant hits you but does no damage.
The gnoll barely misses you.
Okay, then.
You slash the gnoll!
The gnoll is severely wounded.
You block the gnoll sergeant's attack. The gnoll hits you with a +0 halberd!
* * * LOW HITPOINT WARNING * * *
You hit the gnoll but do no damage.
The gnoll is severely wounded.
You block the gnoll sergeant's attack. The gnoll closely misses you.
You block the gnoll sergeant's attack.
You slash the gnoll!
You kill the gnoll!
The gnoll sergeant hits you but does no damage.
The gnoll sergeant hits you with a +0 trident!
* * * LOW HITPOINT WARNING * * *
You hit the gnoll sergeant but do no damage.
You block the gnoll sergeant's attack.
You slash the gnoll sergeant!
The gnoll sergeant is moderately wounded.
The gnoll sergeant hits you with a +0 trident!
You die...
Your body disappears without a glow.

#............#....†.
##...#............#....#.
+....#............+....#.
....+............#....#.
#...#............#....#.
.(.##..##...#............######.
(.....##...#...................
..........#..)................
.........'..@)...............
g.......#>g)................ ##+
#..######.(................. ....
#g.#........................
.....##'#..)..............######.
........(.................#....#.
..........................#....#.
.(........................#....#.
.........#'###............#....#.


You could see a gnoll sergeant.

Vanquished Creatures
  A black bear (D:6)
  3 ogres
  A kobold brigand (D:4)
  2 scorpions
  A howler monkey (D:5)
  3 hounds
  A bullfrog skeleton (D:5)
  2 jellies (D:6)
  An orc priest (D:4)
  3 iguanas
  An orc wizard (D:4)
  A hound zombie (D:5)
  4 gnolls (D:6)
  4 adders
  A shadow imp (D:6)
  5 worms
  2 dart slugs (D:1)
  2 orcs (D:4)
  6 ball pythons
  5 bats
  6 endoplasms
  5 giant cockroaches
  4 goblins (D:1)
  2 hobgoblins
  8 jackals (D:1)
  3 quokkas
  2 frilled lizards
  9 kobolds
  2 rats
90 creatures vanquished.

Vanquished Creatures (others)
  A water moccasin (D:5)
  5 plants (D:2)
6 creatures vanquished.

Grand Total: 96 creatures vanquished

Notes
Turn   | Place    | Note
-------+----------+-------------------------------------------
     0 | D:1      | dolemite99 the Hill Orc Fighter began the quest for the
                  | Orb.
     0 | D:1      | Reached XP level 1. HP: 19/19 MP: 1/1
   206 | D:1      | Reached skill level 3 in Axes
   282 | D:1      | Reached XP level 2. HP: 26/26 MP: 2/2
   365 | D:1      | Reached skill level 4 in Axes
   531 | D:1      | Reached XP level 3. HP: 31/31 MP: 3/3
   844 | D:1      | Reached skill level 5 in Axes
  1396 | D:2      | Reached XP level 4. HP: 16/39 MP: 4/4
  1873 | D:2      | Found a broken altar of Ashenzari.
  2021 | D:2      | Noticed Sigmund
  2122 | D:3      | Found a sparkling altar of Nemelex Xobeh.
  2126 | D:3      | Found a snail-covered altar of Cheibriados.
  2154 | D:3      | Became a worshipper of Nemelex Xobeh the Trickster
  2583 | D:3      | Found an opulent altar of Gozag.
  3001 | D:3      | Found a glowing silver altar of Zin.
  3078 | D:3      | Reached skill level 6 in Axes
  4094 | D:4      | Found a hazy altar of Hepliaklqana.
  4096 | D:4      | Noticed a kobold brigand
  4117 | D:4      | Killed a kobold brigand
  4118 | D:4      | Reached skill level 7 in Axes
  4118 | D:4      | Reached XP level 5. HP: 16/45 MP: 5/5
  4754 | D:4      | Found a staircase to the Ecumenical Temple.
  4763 | Temple   | Entered the Ecumenical Temple
  4865 | D:4      | Noticed an ogre
  4879 | D:4      | Killed an ogre
  4880 | D:4      | Reached skill level 8 in Axes
  4880 | D:4      | Reached XP level 6. HP: 34/51 MP: 6/6
  5072 | D:4      | Reached * piety under Nemelex Xobeh
  5185 | D:4      | Reached skill level 9 in Axes
  5651 | D:4      | Received a gift from Nemelex Xobeh
  5835 | D:5      | Entered Level 5 of the Dungeon
  5838 | D:5      | Killed a water moccasin
  5859 | D:5      | Reached skill level 1 in Invocations
  5859 | D:5      | Reached XP level 7. HP: 50/57 MP: 6/8
  6170 | D:5      | HP: 2/57 [ogre (13)]
  6606 | D:5      | Reached skill level 5 in Invocations
  6972 | D:5      | Received a gift from Nemelex Xobeh
  7556 | D:6      | Reached ** piety under Nemelex Xobeh
  7562 | D:6      | Found a broken altar of Ashenzari.
  7671 | D:6      | Reached skill level 1 in Throwing
  7673 | D:6      | Reached XP level 8. HP: 57/64 MP: 12/12
  8196 | D:6      | Slain by a gnoll sergeant

Illustrated notes

Levels and vault maps discovered:
D:1:      dpeg_arrival_circle_labyrinth_c, layout_basic, serial_corexii_hall,
          corexii_hall_statues_l, chequers_hall_statues_y, moated_statue
D:2:      layout_basic, shapermc_ecumenical_altar_petra, basic_altar,
          serial_bayou, serial_bayou_pond_d, serial_bayou_crossing,
          serial_bayou_lagoon_a, serial_bayou_pond_a, serial_bayou_lake_a,
          uniq_sigmund
D:3:      layout_loops_cross, mainiacjoe_overflow_chevrons,
          chequers_temple_overflow_statue_of_worship,
          mainiacjoe_overflow_alcove_1, minmay_misc_feat_rugged,
          minmay_splitting_lines
D:4:      layout_basic, mainiacjoe_overflow_boulevard, minmay_temple_entry_ruins
D:5:      layout_loops_ring, lemuel_flamethrower_2
D:6:      layout_gridville, ashenzari_altar_1
Temple:   dshaligram_water_room_temple

Skill      XL: |  1  2  3  4  5  6  7  8 |
---------------+-------------------------+-----
Axes           | 3 4 5 7 8 9 |  9.7
Invocations    | 1 6 |  6.2
Throwing       | 2 3 |  3.0
Fighting       | |  3.6
Armour         | |  3.2
Shields        | |  3.2

Action                   |  1- 3 |  4- 6 |  7- 9 || total
-------------------------+-------+-------+-------++-------
Melee: War axe           |    80 |   133 |    73 ||   286
Throw: Dart              |    22 |    68 |    36 ||   126
       Javelin           |       |       |     6 ||     6
Invok: Draw Destruction  |       |       |     1 ||     1
Evoke: Wand              |       |       |     1 ||     1
  Use: Potion            |       |     1 |     2 ||     3
Armor: Scale mail        |    30 |    50 |    13 ||    93
Dodge: Dodged            |    19 |    52 |    24 ||    95
Block: Kite shield       |    41 |    70 |    28 ||   139

Table legend: (Time is in decaauts)
 A = Elapsed time spent in this place.
 B = Non-inter-level travel time spent in this place.
 C = Inter-level travel time spent in this place.
 D = Time resting spent in this place.
 E = Time spent auto-exploring this place.
 F = Levels seen in this place.
 G = Mean time per level.
                   A        B        C        D        E       F      G
               +--------+--------+--------+--------+--------+-----+--------+
         Total |   8352 |   8169 |    183 |   3304 |   3817 |   7 | 1193.1 |
       Dungeon |   8255 |   8095 |    160 |   3304 |   3744 |   6 | 1375.8 |
        Temple |     96 |     73 |     23 |      0 |     73 |   1 |   96.0 |
               +--------+--------+--------+--------+--------+-----+--------+

Top non-repeatable levels by time:
     D:3: 2019 daAuts
     D:4: 1732 daAuts
     D:5: 1401 daAuts
     D:1: 1229 daAuts
     D:6: 991 daAuts
     D:2: 879 daAuts
  Temple: 96 daAuts
